 Dungeon Crawl Stone Soup version 0.22.1-2-g9c5b331 (webtiles) character file.

5334 wingeater17 the Cleaver (level 10, -9/77 HPs)
             Began as a Hill Orc Fighter on Dec 4, 2018.
             Was a Priest of Yredelemnul.
             Mangled by a troll (12 damage)
             ... on level 8 of the Dungeon.
             The game lasted 00:22:58 (11043 turns).

wingeater17 the Cleaver (Hill Orc Fighter)         Turns: 11043, Time: 00:22:58

Health: -9/77      AC:  9    Str: 23    XL:     10   Next: 64%
Magic:  17/17      EV: 10    Int:  8    God:    Yredelemnul [***...]
Gold:   301        SH:  0    Dex: 10    Spells: 9/9 levels left

rFire    . . .     SeeInvis +   v - +1 battleaxe (freeze)
rCold    . . .     Gourm    .   (shield currently unavailable)
rNeg     . . .     Faith    .   b - +0 scale mail
rPois    .         Spirit   .   w - +1 hat
rElec    .         Reflect  .   (no cloak)
rCorr    .         Harm     +   (no gloves)
MR       +....                  (no boots)
Stlth    ..........             k - amulet of harm
HPRegen  0.22/turn              G - ring of protection from magic
MPRegen  0.15/turn              I - ring of see invisible

@: about to teleport
A: no striking features
a: Recall Undead Slaves, Injury Mirror, Animate Dead, Renounce Religion


You were on level 8 of the Dungeon.
You worshipped Yredelemnul.
Yredelemnul was most pleased with you.
You were not hungry.

You visited 1 branch of the dungeon, and saw 9 of its levels.

You collected 538 gold pieces.
You spent 237 gold pieces at shops.

Inventory:

Hand Weapons
 a - a +0 war axe
 l - a +0 hand axe of chopping
 v - a +1 battleaxe of freezing (weapon)
Armour
 b - a +0 scale mail (worn)
 c - a +0 shield
 w - a +1 hat (worn)
Jewellery
 k - an amulet of harm (around neck)
 n - an uncursed ring of resist corrosion
 p - an uncursed ring of magical power
 z - an uncursed ring of magical power
 G - a ring of protection from magic (left hand)
 H - an uncursed ring of protection from magic
 I - a ring of see invisible (right hand)
 K - an uncursed ring of wizardry
Wands
 j - a wand of polymorph (5)
 x - a wand of acid (6)
 B - a wand of paralysis (10)
Scrolls
 d - 3 scrolls of enchant weapon {unknown}
 e - 4 scrolls of amnesia
 h - 3 scrolls of teleportation
 i - 7 scrolls of identify {unknown}
 m - a scroll of magic mapping {unknown}
 q - 3 scrolls of enchant armour {unknown}
 r - a scroll of fog {unknown}
 s - a scroll of blinking {unknown}
 u - 2 scrolls of immolation {unknown}
 y - 2 scrolls of remove curse {unknown}
 F - a scroll of torment {unknown}
 L - a scroll of fear {unknown}
Potions
 g - a potion of haste {unknown}
 o - a potion of cancellation {unknown}
 t - 2 potions of heal wounds {unknown}
 A - a potion of berserk rage {unknown}
 C - 2 potions of brilliance {unknown}
 D - a potion of degeneration {unknown}
 E - 2 potions of mutation {unknown}
 J - 2 potions of flight {unknown}
Comestibles
 f - 2 rations


   Skills:
 - Level 3.6 Fighting
 * Level 13.9 Axes
 + Level 9.2 Armour
 - Level 3.2 Shields
 + Level 9.8 Invocations


You had 9 spell levels left.
You didn't know any spells.
Your spell library was empty.

Dungeon Overview and Level Annotations

Branches:
Dungeon (9/15)             Temple (0/1) D:6            Lair (0/6) D:8
    Orc: D:9-12

Altars:
Cheibriados
Dithmenos
Elyvilon
Fedhas
Hepliaklqana
Kikubaaqudgha
Nemelex Xobeh
Okawaru
Ru
Wu Jian
Yredelemnul
Zin

Shops:
D:6 [(

Annotations:
D:6 Prince Ribbit


Message History

You climb upwards.
There is a stone staircase leading down, spattered with blood here.
You slash the troll! You freeze the troll.
The troll is moderately wounded.
The troll bites you but does no damage. The troll barely misses you. x2
You completely miss the troll.
The troll is moderately wounded.
The troll completely misses you. The troll claws you!
* * * LOW HITPOINT WARNING * * *
The troll claws you.
* * * LOW HITPOINT WARNING * * *
You closely miss the troll.
The troll is moderately wounded.
The troll bites you but does no damage. The troll claws you!
* * * LOW HITPOINT WARNING * * *
The troll claws you but does no damage.
As you read the scroll of teleportation, it crumbles to dust.
You feel strangely unstable. The troll bites you!
You die...
Your body rises from the dead as a mindless zombie.

........#......# #...#####
.#......#......# #.#...#<#
.#.#.####......# #.###.#.#
...#.# #......# #.....#.####
##.#.####......# ####..#....#
<......##......######..####.#
.#####.###.##.##.#........#.##
.....#.....#..[#T#.######.#..#
..............[.@.(# #.##.#
.#........##.#.....# #.##.#
...#....##....####.#### #....#
##....#.#..#.....#....# ######
....................#.#
###.###..#.......)..#.#
#........#.[....#...#
########.##.........#
#.#######...############


You could see a troll.

Vanquished Creatures
  2 death yaks
  Sigmund (D:3)
  4 yaks
  A wyvern (D:8)
  Edmund (D:6)
  Duvessa (D:7)
  2 ice beasts
  3 sky beasts
  Purgy (D:3)
  2 ogres
  An orc warrior (D:9)
  A phantom (D:6)
  A black bear (D:7)
  3 centaurs
  An eye of draining (D:8)
  2 bullfrogs
  Dowan (D:7)
  A wyvern zombie (D:7)
  2 scorpions (D:5)
  A wyvern skeleton (D:8)
  2 vampire bats (D:2)
  4 wights (D:9)
  A howler monkey (D:4)
  4 crimson imps
  A centaur skeleton (D:5)
  2 bullfrog skeletons
  4 hounds
  5 orc priests
  6 orc wizards
  3 worker ants
  A worker ant zombie (D:5)
  5 adders
  7 gnolls
  A shadow imp (D:9)
  An ooze (D:3)
  An adder skeleton (D:4)
  An adder zombie (D:8)
  5 dart slugs
  6 leopard geckos
  24 orcs
  2 ball pythons
  5 bats
  3 bat skeletons (D:2)
  3 bat zombies (D:2)
  6 giant cockroaches
  11 goblins
  6 hobgoblins
  6 jackals
  12 kobolds
  4 quokkas
  3 frilled lizards
  A jackal skeleton (D:4)
  A leopard gecko zombie (D:5)
  4 rats
183 creatures vanquished.

Vanquished Creatures (collateral kills)
  A hippogriff (D:6)
  4 orcs
  A ball python (D:3)
  A frilled lizard (D:3)
  A goblin (D:7)
8 creatures vanquished.

Vanquished Creatures (others)
  A hippogriff zombie (D:6)
  A bullfrog skeleton (D:6)
  A bat zombie (D:3)
  A giant cockroach zombie (D:4)
  3 gnoll zombies
  A goblin zombie (D:7)
  A hobgoblin zombie (D:3)
  A jackal zombie (D:4)
  A leopard gecko zombie (D:7)
  A rat zombie (D:3)
12 creatures vanquished.

Grand Total: 203 creatures vanquished

Notes
Turn   | Place    | Note
-------+----------+-------------------------------------------
     0 | D:1      | wingeater17 the Hill Orc Fighter began the quest for the
                  | Orb.
     0 | D:1      | Reached XP level 1. HP: 19/19 MP: 1/1
    75 | D:1      | Reached skill level 3 in Axes
   187 | D:1      | Reached XP level 2. HP: 22/26 MP: 2/2
   852 | D:2      | Reached skill level 4 in Axes
   871 | D:2      | Found a sparkling altar of Nemelex Xobeh.
   871 | D:2      | Found a basalt altar of Yredelemnul.
   873 | D:2      | Found a sacrificial altar of Ru.
   873 | D:2      | Found a hazy altar of Hepliaklqana.
   874 | D:2      | Found a glowing silver altar of Zin.
   876 | D:2      | Found a snail-covered altar of Cheibriados.
   876 | D:2      | Found a white marble altar of Elyvilon.
   884 | D:2      | Reached XP level 3. HP: 30/31 MP: 3/3
   921 | D:2      | Became a worshipper of Yredelemnul the Dark
   976 | D:2      | Reached skill level 1 in Invocations
   976 | D:2      | Reached XP level 4. HP: 22/39 MP: 4/4
  1644 | D:2      | Reached skill level 5 in Axes
  1660 | D:2      | Found an ancient bone altar of Kikubaaqudgha.
  1666 | D:2      | Reached XP level 5. HP: 45/45 MP: 6/6
  1986 | D:3      | Noticed Sigmund
  2133 | D:3      | Reached * piety under Yredelemnul
  2135 | D:3      | Reached skill level 6 in Axes
  2296 | D:3      | Noticed Purgy
  2322 | D:3      | HP: 1/45 [Purgy (4)]
  2323 | D:3      | Killed Purgy
  2323 | D:3      | Reached XP level 6. HP: 1/51 MP: 8/8
  2616 | D:3      | Found an iron altar of Okawaru.
  3114 | D:3      | Killed Sigmund
  3114 | D:3      | Reached skill level 7 in Axes
  3114 | D:3      | Reached skill level 5 in Armour
  3114 | D:3      | Reached XP level 7. HP: 52/57 MP: 9/9
  3658 | D:4      | Reached ** piety under Yredelemnul
  3706 | D:4      | Found a shadowy altar of Dithmenos.
  3803 | D:4      | Reached skill level 8 in Axes
  3841 | D:5      | Entered Level 5 of the Dungeon
  3960 | D:5      | Reached skill level 5 in Invocations
  3960 | D:5      | Reached XP level 8. HP: 37/64 MP: 11/11
  3965 | D:5      | HP: 2/64 [orc/flail (5)]
  4010 | D:5      | HP: 1/64 [orc priest/divine providence (15)]
  4441 | D:5      | Reached skill level 9 in Axes
  5290 | D:6      | Found Miegi's Antique Weapon Shoppe.
  5299 | D:6      | Noticed Edmund
  5314 | D:6      | Reached skill level 10 in Axes
  5353 | D:6      | Killed Edmund
  5637 | D:6      | Bought a runed battleaxe for 237 gold pieces
  5708 | D:6      | HP: 3/64 [hound (1)]
  6079 | D:6      | Found an ornate altar of the Wu Jian Council.
  6114 | D:6      | Found Feyleqio's Antique Armour Shop.
  6270 | D:6      | Noticed Prince Ribbit
  6747 | D:6      | Reached XP level 9. HP: 48/70 MP: 14/14
  6783 | D:6      | Found a staircase to the Ecumenical Temple.
  7024 | D:6      | Reached skill level 11 in Axes
  7425 | D:7      | Noticed Duvessa
  7425 | D:7      | Noticed Dowan
  7431 | D:7      | Killed Duvessa
  7434 | D:7      | Killed Dowan
  8006 | D:7      | Reached *** piety under Yredelemnul
  8375 | D:8      | Found a blossoming altar of Fedhas.
  8892 | D:8      | Reached skill level 12 in Axes
  8900 | D:8      | Noticed a death yak
  8905 | D:8      | Noticed a death yak
 10060 | D:8      | Noticed a death yak
 10178 | D:9      | Killed a death yak
 10178 | D:9      | Reached skill level 13 in Axes
 10178 | D:9      | Reached XP level 10. HP: 35/77 MP: 16/16
 10429 | D:8      | Killed a death yak
 10770 | D:8      | Found a staircase to the Lair.
 11042 | D:8      | HP: 3/77 [troll (13)]
 11043 | D:8      | Mangled by a troll

Skill      XL: |  1  2  3  4  5  6  7  8  9 10 |
---------------+-------------------------------+-----
Axes           | 3 4 5 6 7 8 10 13 | 13.9
Armour         | 4 5 7 8 9 |  9.2
Invocations    | 1 2 3 5 6 9 |  9.8
Fighting       | |  3.6
Shields        | |  3.2

Action                   |  1- 3 |  4- 6 |  7- 9 | 10-12 || total
-------------------------+-------+-------+-------+-------++-------
Melee: War axe           |    57 |    10 |       |       ||    67
       Hand axe          |       |   148 |   220 |       ||   368
       Battleaxe         |       |       |   184 |    40 ||   224
Invok: Animate Remains   |       |     6 |    17 |       ||    23
       Animate Dead      |       |       |       |     1 ||     1
Evoke: Wand              |       |       |     1 |       ||     1
  Use: Potion            |       |     1 |     6 |       ||     7
       Scroll            |       |       |     5 |     1 ||     6
 Stab: Distracted        |       |       |       |     1 ||     1
  Eat: Chunk             |       |     9 |    11 |       ||    20
       Ration            |       |       |     5 |     1 ||     6
Armor: Scale mail        |    34 |    98 |   160 |    19 ||   311
Dodge: Dodged            |    29 |    66 |   130 |    22 ||   247
Block: Shield            |    32 |   116 |    84 |       ||   232
